Map: Pillars of Gold LE

Players

TLHarstem (Harstem) - Winner!

  • Race: Protoss Protoss
  • League: Master
  • Spawn Location: 7:00

Vanya

  • Race: Zerg Zerg
  • League: Grandmaster
  • Spawn Location: 1:00

Event: DreamHack SC2 Masters 2020 Winter

VOD

Have the link to the VOD?

Description

Time

  • Played on: Oct. 24, 2020, 1:48 p.m.
  • Length: 17:08

All games in this series

Show
View Real Time Build Order
Export as new Build Order

TLHarstem Protoss - Winner!

Build Orders: 1 Gate Expand, Oracle Opening, Phoenix Opening 

Get SALT Encoding   

  12  0:00  Probe  
  13  0:12  Probe  
  14  0:18  Pylon  
  14  0:24  Probe  
  15  0:31  Assimilator  
  15  0:36  Probe (Chrono Boost)  
  16  0:46  Probe (Chrono Boost)  
  16  0:49  Gateway  
  17  0:51  Probe (Chrono Boost)  
  18  1:03  Probe  
  19  1:15  Probe  
  20  1:27  Nexus  
  20  1:37  Cybernetics Core  
  20  1:40  Probe  
  20  1:45  Assimilator  
  21  1:52  Probe  
  22  1:56  Pylon  
  22  2:04  Probe  
  23  2:11  Adept (Chrono Boost)  
  25  2:16  Stargate  
  25  2:18  Probe  
  26  2:25  Warp Gate  
  26  2:30  Probe (Chrono Boost)  
  26  2:34  Adept  
  29  2:42  Probe (Chrono Boost)  
  31  2:44  Probe (Chrono Boost)  
  31  2:47  Probe (Chrono Boost)  
  31  2:51  Probe  
  33  2:56  Probe  
  34  2:59  Phoenix (Chrono Boost)  
  34  3:03  Probe  
  37  3:09  Pylon, Probe  
  38  3:13  Oracle (Chrono Boost)  
  38  3:15  Probe  
  42  3:21  Probe  
  42  3:26  Gateway  
  43  3:27  Probe  
  43  3:30  Adept  
  46  3:37  Probe  
  46  3:39  Probe  
  48  3:41  Oracle (Chrono Boost)  
  48  3:42  Pylon  
  51  3:49  Probe  
  51  3:52  Probe  
  51  3:53  Assimilator  
  53  3:58  Assimilator  
  53  4:02  Probe  
  54  4:04  Probe  
  55  4:14  Probe  
  55  4:15  Nexus  
  55  4:16  Probe  
  57  4:23  Phoenix  
  59  4:26  Pylon, Probe  
  59  4:31  Probe  
  61  4:34  Stargate  
  61  4:38  Probe  
  62  4:44  Pylon, Probe  
  63  4:50  Phoenix, Pylon, Probe  
  66  4:57  Adept x2  
  70  5:03  Probe  
  71  5:09  Probe  
  69  5:14  Shield Battery  
  69  5:15  Phoenix (Chrono Boost), Probe  
  69  5:16  Phoenix (Chrono Boost)  
  74  5:21  Probe  
  74  5:27  Probe  
  76  5:28  Forge  
  76  5:30  Twilight Council  
  76  5:32  Phoenix (Chrono Boost)  
  76  5:33  Probe  
  76  5:35  Probe  
  80  5:40  Probe  
  81  5:48  Void Ray (Chrono Boost)  
  84  5:50  Probe  
  84  5:51  Phoenix (Chrono Boost)  
  84  5:55  Probe  
  84  5:56  Sentry  
  91  5:57  Shield Battery  
  91  6:02  Probe  
  92  6:05  Probe  
  92  6:07  Probe  
  94  6:11  Assimilator, Void Ray (Chrono Boost)  
  94  6:14  Assimilator  
  94  6:15  Probe  
  100  6:19  Probe  
  100  6:23  Pylon  
  101  6:25  Pylon  
  101  6:30  Photon Cannon x2  
  100  6:38  Photon Cannon  
  100  6:42  Pylon  
  100  6:43  Void Ray (Chrono Boost)  
  100  6:45  Void Ray (Chrono Boost)  
  104  6:48  Probe  
  104  6:50  Adept x2  
  104  6:52  Probe  
  111  6:57  Probe  
  108  7:02  Probe  
  108  7:05  Probe  
  103  7:10  Adept x2  
  103  7:11  Pylon  
  103  7:12  Void Ray (Chrono Boost)  
  103  7:13  Probe  
  106  7:15  Probe  
  100  7:32  Adept x2  
  100  7:39  Void Ray (Chrono Boost)  
  100  7:41  Probe  
  100  7:42  Probe  
  100  7:43  Probe  
  102  8:14  Probe  
  102  8:19  Probe  
  101  8:20  Probe  
  101  8:21  Pylon  
  101  8:26  Probe  
  96  8:31  Probe  
  96  8:32  Probe  
  92  8:34  Stalker  
  92  8:35  Zealot  
  92  8:38  Probe  
  95  8:43  Probe  
  95  8:44  Probe  
  97  8:50  Pylon, Probe (Chrono Boost)  
  97  8:55  Probe (Chrono Boost)  
  99  8:58  Zealot, Sentry  
  99  9:00  Probe (Chrono Boost)  
  99  9:02  Pylon, Probe (Chrono Boost)  
  105  9:03  Assimilator  
  105  9:07  Probe (Chrono Boost)  
  107  9:10  Probe (Chrono Boost)  
  107  9:12  Gateway, Probe x2 (Chrono Boost)  
  107  9:15  Gateway  
  107  9:16  Probe  
  106  9:21  Probe x2  
  106  9:22  Zealot x2  
  106  9:23  Shield Battery  
  113  9:25  Protoss Air Weapons Level 1 (Chrono Boost)  
  113  9:28  Probe  
  114  9:33  Probe x2  
  116  9:40  Probe  
  116  9:44  Stalker x2, Protoss Ground Weapons Level 1 (Chrono Boost)  
  116  9:45  Probe x2  
  122  9:46  Charge  
  122  9:51  Pylon  
  122  9:52  Pylon  
  122  9:53  Probe, Templar Archives  
  122  9:57  Probe  
  122  9:58  Probe  
  123  10:00  Shield Battery  
  123  10:07  Gateway  
  124  10:09  Probe  
  124  10:11  Gateway, Shield Battery  
  126  10:16  Pylon  
  126  10:18  Shield Battery  
  126  10:20  Stalker  
  126  10:21  Pylon  
  125  10:27  Gateway  
  125  10:29  Gateway  
  125  10:37  Stalker, Zealot x2  
  131  10:47  Probe  
  131  10:48  Robotics Facility  
  132  10:52  Zealot  
  132  10:53  Probe  
  129  11:08  High Templar x4  
  129  11:09  Zealot  
  136  11:14  Archon x2  
  136  11:15  Probe  
  133  11:20  Zealot  
  133  11:21  Probe  
  136  11:27  Zealot x2  
  136  11:28  Nexus  
  136  11:32  Zealot  
  142  11:33  Probe, Immortal (Chrono Boost)  
  142  11:34  Pylon  
  142  11:35  Pylon, Probe x2  
  149  11:40  Photon Cannon  
  149  11:43  Stalker  
  149  11:44  Stalker  
  149  11:45  High Templar  
  149  11:46  High Templar  
  157  11:49  Pylon  
  157  11:51  Protoss Ground Weapons Level 2 (Chrono Boost)  
  157  11:52  Archon  
  155  11:59  Templar Archives  
  155  12:00  Shield Battery  
  155  12:01  Sentry  
  153  12:04  Warp Prism (Chrono Boost)  
  153  12:07  Photon Cannon  
  155  12:11  Photon Cannon  
  153  12:15  Probe  
  153  12:18  Sentry  
  153  12:19  Zealot x3  
  162  12:24  Shield Battery  
  162  12:26  Probe  
  162  12:28  Probe  
  164  12:30  Photon Cannon  
  164  12:31  Probe  
  165  12:41  High Templar x4  
  165  12:42  High Templar x2, Zealot  
  178  12:47  Archon x3  
  178  12:48  Assimilator  
  178  12:50  Assimilator  
  160  13:08  Immortal (Chrono Boost)  
  160  13:09  Stalker x2  
  160  13:14  Stalker  
  160  13:15  Probe  
  160  13:18  High Templar x2  
  167  13:22  Probe  
  167  13:24  Psionic Storm  
  162  13:27  Photon Cannon, Zealot x3  
  162  13:28  Photon Cannon  
  162  13:30  Photon Cannon  
  158  13:41  Immortal (Chrono Boost)  
  150  13:42  Zealot x3  
  160  13:53  High Templar x2  
  164  13:58  Zealot x3  
  164  14:00  Protoss Ground Weapons Level 3 (Chrono Boost)  
  164  14:06  Stalker x3  
  164  14:07  Pylon  
  168  14:16  Immortal (Chrono Boost)  
  162  14:22  Zealot x3  
  162  14:26  Zealot x2  
  162  14:31  Zealot  
  168  14:35  Zealot x3  
  168  14:37  Assimilator  
  168  14:43  Zealot x3  
  172  14:50  High Templar x2  
  164  14:53  Photon Cannon, Immortal (Chrono Boost)  
  164  14:54  Photon Cannon  
  166  15:01  High Templar x2  
  166  15:02  Zealot  
  172  15:13  Stalker x3  
  170  15:25  Nexus, Immortal  
  164  15:37  High Templar  
  164  15:38  High Templar, Zealot, Sentry  
  164  15:39  Zealot x4  
  170  16:04  Immortal  
  170  16:10  Zealot x6  
  170  16:11  Zealot x2  
  178  16:22  Pylon  
  178  16:23  Pylon  
  178  16:25  Pylon  
  174  16:26  Dark Shrine  
  174  16:29  Nexus  
  174  16:31  Pylon  
  160  16:40  Zealot x7  
  176  16:54  High Templar  
Show
View Real Time Build Order
Export as new Build Order

Vanya Zerg 

Build Orders: Hatch First 

Get SALT Encoding   

  12  0:00  Drone  
  13  0:12  Overlord  
  13  0:17  Drone  
  14  0:31  Drone  
  15  0:45  Hatchery  
  15  0:50  Drone  
  15  0:52  Drone  
  16  0:57  Drone  
  16  1:01  Drone  
  18  1:10  Extractor  
  17  1:17  Spawning Pool  
  16  1:20  Drone  
  16  1:23  Drone  
  18  1:33  Drone  
  19  1:43  Drone  
  20  1:55  Overlord  
  20  2:03  Queen x2  
  20  2:05  Zergling x4  
  26  2:13  Drone  
  26  2:14  Metabolic Boost  
  27  2:16  Drone  
  27  2:21  Drone  
  29  2:30  Drone  
  30  2:39  Drone x2  
  30  2:43  Drone  
  33  2:48  Drone  
  33  2:51  Hatchery  
  33  2:58  Overlord  
  33  3:01  Queen  
  33  3:02  Drone  
  36  3:16  Drone x2  
  36  3:18  Drone x2  
  40  3:20  Overlord  
  40  3:23  Overlord  
  40  3:28  Drone x2  
  40  3:34  Overlord  
  42  3:36  Queen  
  44  3:43  Drone  
  44  3:44  Drone x3  
  44  3:48  Spore Crawler  
  47  3:50  Spore Crawler  
  47  3:51  Overlord  
  46  3:59  Drone x2  
  48  4:03  Queen  
  48  4:04  Spore Crawler  
  49  4:11  Drone x5  
  49  4:16  Lair  
  54  4:20  Drone  
  54  4:21  Drone  
  54  4:22  Drone  
  54  4:27  Drone x2  
  56  4:32  Drone  
  56  4:36  Drone x2, Roach Warren  
  58  4:41  Drone x2, Extractor  
  58  4:42  Drone  
  58  4:43  Extractor  
  58  4:49  Overlord  
  58  4:50  Drone  
  58  4:51  Drone x3  
  62  4:57  Drone, Extractor  
  62  4:58  Drone x3  
  65  5:01  Overlord  
  62  5:07  Overlord  
  62  5:09  Drone  
  62  5:10  Drone x3  
  64  5:18  Glial Reconstitution  
  64  5:19  Extractor  
  64  5:20  Roach x4  
  71  5:23  Roach  
  71  5:27  Roach x2  
  77  5:33  Roach x3  
  83  5:40  Nydus Network  
  83  5:41  Overseer  
  82  5:44  Zergling x6  
  84  5:50  Overlord  
  84  5:54  Overlord  
  84  5:56  Zergling x8  
  88  6:01  Overlord  
  88  6:10  Roach x3  
  94  6:12  Overlord  
  94  6:16  Nydus Canal  
  94  6:17  Roach  
  96  6:21  Roach x3  
  96  6:22  Roach  
  108  6:25  Roach x2  
  108  6:30  Roach  
  108  6:32  Overlord  
  110  6:37  Roach  
  110  6:39  Zergling x2, Nydus Canal  
  115  6:40  Zergling x4  
  115  6:43  Zergling x2  
  115  6:47  Zergling x2  
  116  6:49  Zergling x8  
  116  6:50  Zergling x4  
  116  6:53  Zergling x2  
  115  6:55  Zergling x2  
  115  6:57  Zergling x2  
  115  7:00  Zergling x6  
  112  7:06  Zergling x6  
  112  7:08  Spore Crawler  
  102  7:11  Spore Crawler  
  88  7:16  Spore Crawler  
  88  7:18  Zergling x4  
  78  7:23  Zergling x2  
  78  7:24  Zergling x8  
  78  7:26  Spore Crawler  
  81  7:30  Roach  
  81  7:31  Spore Crawler  
  81  7:32  Roach  
  81  7:33  Spore Crawler  
  81  7:36  Roach  
  84  7:37  Roach  
  84  7:43  Spore Crawler  
  78  7:45  Roach  
  78  7:48  Roach x2  
  77  7:54  Roach  
  76  7:59  Roach x2  
  76  8:03  Roach  
  77  8:08  Spire  
  76  8:13  Roach  
  76  8:15  Spore Crawler, Roach x3  
  76  8:17  Roach  
  76  8:18  Roach  
  86  8:20  Roach  
  86  8:24  Nydus Canal  
  86  8:26  Zergling x2  
  78  8:27  Overlord  
  78  8:33  Zergling x8  
  78  8:37  Overseer  
  78  8:39  Zergling x4  
  79  8:47  Extractor  
  78  8:55  Drone  
  78  8:56  Drone x6  
  85  9:04  Nydus Canal  
  83  9:19  Corruptor x5  
  93  9:28  Overlord x2  
  93  9:32  Corruptor x2  
  94  9:38  Corruptor  
  94  9:39  Corruptor  
  97  9:47  Corruptor x2  
  98  9:55  Corruptor x2  
  102  10:02  Drone  
  102  10:03  Drone x2  
  102  10:09  Corruptor x2  
  106  10:14  Overlord  
  104  10:23  Corruptor  
  104  10:27  Zerg Flyer Weapons Level 1  
  104  10:28  Overlord  
  106  10:30  Hatchery  
  106  10:33  Corruptor  
  107  10:40  Corruptor x2  
  111  10:44  Overlord  
  111  10:46  Drone  
  112  10:50  Drone x2  
  114  11:01  Roach  
  114  11:02  Roach x5  
  122  11:09  Roach  
  124  11:14  Roach x2  
  124  11:15  Queen  
  126  11:20  Roach  
  128  11:26  Overlord  
  128  11:27  Ravager  
  128  11:28  Overlord, Ravager  
  128  11:29  Overlord  
  128  11:35  Overlord  
  128  11:36  Roach  
  130  11:43  Overlord  
  130  11:47  Roach x3  
  132  11:56  Roach x4  
  132  11:57  Queen x2  
  132  11:59  Ravager  
  132  12:00  Ravager x4  
  141  12:04  Ravager x3  
  141  12:06  Roach x2  
  148  12:12  Roach  
  148  12:13  Roach x2  
  152  12:18  Roach x3  
  152  12:22  Ravager x4  
  162  12:26  Roach  
  162  12:27  Evolution Chamber  
  165  12:30  Roach  
  165  12:31  Ravager  
  166  12:39  Roach  
  166  12:40  Roach x4  
  166  12:43  Overlord  
  176  12:51  Overlord  
  174  12:59  Roach  
  167  13:07  Roach x9  
  173  13:17  Corruptor x2  
  173  13:28  Corruptor x3  
  179  13:36  Drone x4  
  183  13:45  Overlord x3  
  183  13:50  Zerg Missile Weapons Level 1  
  183  13:54  Overlord  
  183  14:08  Roach x7  
  175  14:17  Roach x5  
  173  14:24  Roach  
  173  14:25  Roach x3  
  181  14:31  Roach x3  
  185  14:44  Ravager  
  181  14:45  Roach  
  181  14:46  Roach x6  
  181  14:49  Drone  
  181  14:50  Drone x2  
  189  14:54  Roach  
  189  14:55  Roach  
  189  14:59  Ravager  
  189  15:00  Ravager  
  189  15:01  Ravager  
  189  15:03  Roach  
  189  15:04  Roach  
  194  15:13  Roach x4  
  183  15:26  Roach x6  
  183  15:28  Drone  
  186  15:31  Drone  
  181  15:37  Overlord  
  162  15:43  Drone  
  162  15:44  Drone x3  
  156  15:51  Roach x2  
  141  16:06  Roach x5  
  141  16:07  Roach  
  141  16:13  Ravager x7  
  148  16:21  Ravager x8  
  154  16:27  Roach x2  
  138  16:36  Roach  
  138  16:37  Roach x2  
Tags
 
Add a new tag
Caveats
  • Supply blocks, unpowered buildings, or Contaminate may cause inaccurate times.
  • Supply counts are checked every 10 seconds.